 Dungeon Crawl Stone Soup version 0.20-b1-24-gb21faa7 (webtiles) character file.

9810 Inarius the Tainter (level 11, -7/83 (84) HPs)
             Began as a Grey Draconian Venom Mage on May 25, 2017.
             Was an Elder of Sif Muna.
             Mangled by a black mamba (14 damage)
             ... on level 1 of the Lair of Beasts.
             The game lasted 01:17:09 (16383 turns).

Inarius the Tainter (Grey Draconian Venom Mage)    Turns: 16383, Time: 01:17:10

HP:   -7/83 (84)    AC: 15    Str: 10    XL:     11   Next: 27%
MP:   33/33         EV: 14    Int: 20    God:    Sif Muna [****..]
Gold: 649           SH:  4    Dex: 11    Spells: 13/28 levels left

rFire    . . .     SeeInvis .   a - +4 war axe (chop)
rCold    + . .     Gourm    .   (no shield)
rNeg     . . .     Faith    .   (armour unavailable)
rPois    .         Spirit   .   (helmet restricted)
rElec    .         Reflect  +   B - scarf {repulsion}
rCorr    .         Harm     .   H - +0 pair of gloves
MR       .....                  c - +1 pair of boots
Stlth    ++........             A - +4 amulet of reflection
Regen    0.3/turn               p - ring of magical power
MPRegen  0.3/turn               w - ring of protection from cold

@: lethally poisoned (-7 -> -14), repel missiles
A: walk through water, unfitting armour, mutation resistance 1, unbreathing,
cold-blooded, AC +12
a: Divine Energy, Channel Magic, Forget Spell, Renounce Religion


You were on level 1 of the Lair of Beasts.
You worshipped Sif Muna.
Sif Muna was greatly pleased with you.
You were not hungry.

You visited 3 branches of the dungeon, and saw 13 of its levels.

You collected 649 gold pieces.

Inventory:

Hand Weapons
 a - a +4 war axe of chopping (weapon)
Armour
 c - a +1 pair of boots (worn)
 u - a +0 shield
 B - a scarf of repulsion (worn)
 H - a +0 pair of gloves (worn)
Magical Staves
 b - an uncursed staff of conjuration
 D - an uncursed staff of wizardry
Jewellery
 p - a ring of magical power (left hand)
 w - a ring of protection from cold (right hand)
 A - a +4 amulet of reflection (around neck)
Wands
 d - a wand of iceblast (5/15)
 s - a wand of iceblast (2/15)
 z - a wand of digging (14/24)
 F - a wand of paralysis (5/24)
 J - a wand of flame (21/48)
 M - a wand of acid (9/15)
Scrolls
 e - a scroll of enchant armour
 g - a scroll of holy word
 i - a scroll of enchant weapon
 j - 3 scrolls of magic mapping
 o - 2 scrolls of recharging
 q - a scroll of remove curse
 v - 2 scrolls of amnesia
 x - 2 scrolls of fog
 K - a scroll of teleportation
Potions
 h - 3 potions of flight
 l - 5 potions of heal wounds {unknown}
 n - a potion of magic {unknown}
 r - 3 potions of haste {unknown}
 t - a potion of lignification {unknown}
 C - 4 potions of brilliance {unknown}
 E - a potion of might {unknown}
 I - a potion of invisibility
Books
 m - a Young Poisoner's Handbook

   Spells                             Type                      Level
   a - Sting                          Conjuration/Poison           1
   b - Poisonous Vapours              Poison/Air                   2
   c - Mephitic Cloud                 Conjuration/Poison/Air       3
   d - Olgreb's Toxic Radiance        Poison                       4
   e - Venom Bolt                     Conjuration/Poison           5
Miscellaneous
 G - a phial of floods
Comestibles
 f - a fruit
 k - 9 royal jellies
 y - 4 bread rations
 L - a meat ration


   Skills:
 + Level 4.0 Fighting
   Level 0.4 Short Blades
 - Level 1.1 Axes
 - Level 1.4 Staves
 + Level 5.8 Dodging
 - Level 1.7 Stealth
 + Level 0.6 Shields
 + Level 9.0 Spellcasting
 + Level 1.8 Conjurations
 + Level 6.6 Air Magic
 + Level 9.4 Poison Magic
 * Level 5.0 Invocations
 + Level 0.6 Evocations


You had 13 spell levels left.
You knew the following spells:

 Your Spells              Type           Power        Failure   Level  Hunger
a - Sting                 Conj/Pois      ####         1%          1    None
b - Poisonous Vapours     Pois/Air       #####.       1%          2    None
c - Mephitic Cloud        Conj/Pois/Air  ####....     1%          3    None
d - Olgreb's Toxic Radia  Pois           #####...     1%          4    ###....
e - Venom Bolt            Conj/Pois      ####......   22%         5    #####..


Dungeon Overview and Level Annotations

Branches:
Dungeon (11/15)            Temple (1/1) D:5            Lair (1/6) D:11
    Orc (0/2) D:10

Altars:
Ashenzari
Cheibriados
Dithmenos
Elyvilon
Fedhas
Gozag
Hepliaklqana
Kikubaaqudgha
Makhleb
Nemelex Xobeh
Okawaru
Qazlal
Ru
Sif Muna
Trog
Uskayaw
Vehumet
Xom
Yredelemnul
Zin
The Shining One

Shops:
D:4 %   D:10 %


Innate Abilities, Weirdness & Mutations

You can walk through water.
Your dull iron-grey scales are very hard. (AC +12)
You cannot fit into any form of body armour.
You can survive without breathing.
You are cold-blooded and may be slowed by cold attacks.
You are somewhat resistant to further mutation.


Message History

The black mamba bites you!
You barely miss the black mamba. The black mamba bites you.
The black mamba bites you!
You hit the black mamba but do no damage.
The black mamba bites you. The black mamba misses you.
The black mamba closely misses you.
You miss the black mamba. The black mamba bites you!
The black mamba bites you but does no damage.
The black mamba closely misses you.
You hit the black mamba but do no damage.
You tail-slap the black mamba, but do no damage.
The black mamba barely misses you. The black mamba bites you!!
* * * LOW HITPOINT WARNING * * *
You are poisoned.
The black mamba poisons you!
You miss the black mamba.
Your tail-slap misses the black mamba.
You feel sick. The black mamba bites you!
* * * LOW HITPOINT WARNING * * *
The black mamba closely misses you. The black mamba bites you!
You die...

###............. .. ..##
................ ...
...####.............
#..##....#..............
....#..#..##............
.......#....(...........
8...8...................
..>....S#..+............
8...8..@...#............
...........#............
#....#.#..##............
..#.......##..........#
.......#####........##
......# #........#
##+..# ..#


You could see a black mamba.

Vanquished Creatures
  A two-headed ogre (D:11)
  An ugly thing (D:11)
  A manticore (D:10)
  A troll (D:9)
  A hornet (D:10)
  Prince Ribbit (D:5)
  Sigmund (D:3)
  2 hungry ghosts
  A human (D:7)
  4 hogs (D:7)
  A water moccasin (D:9)
  2 hell hounds (D:11)
  5 orc warriors
  A porcupine (Lair:1)
  2 black bears
  A necrophage (D:10)
  4 ice beasts
  6 ogres
  3 phantoms
  5 centaurs
  A crocodile (D:8)
  The ghost of NorthaanB the Conjurer, an amateur DEFE (D:3)
  A big kobold (D:8)
  10 bullfrogs
  2 scorpions (D:10)
  14 killer bees
  8 wights
  7 howler monkeys
  6 crimson imps
  A centaur zombie (D:9)
  2 quasits
  A jelly (D:6)
  10 orc priests
  5 hounds
  16 orc wizards
  A bullfrog skeleton (D:6)
  Ijyb (D:3)
  5 iguanas
  4 worker ants
  A hound zombie (D:6)
  A hound skeleton (D:8)
  2 worker ant zombies
  8 gnolls
  A howler monkey skeleton (D:7)
  11 adders
  3 shadow imps
  An ooze (D:7)
  An adder zombie (D:7)
  4 adder skeletons
  3 worms
  3 dart slugs
  8 leopard geckos
  47 orcs
  8 bats
  6 giant cockroaches
  8 goblins
  11 hobgoblins
  8 jackals
  12 kobolds
  6 quokkas
  A ball python (D:4)
  6 frilled lizards
  A leopard gecko zombie (D:5)
  2 quokka skeletons
  7 rats
310 creatures vanquished.

Notes
Turn   | Place    | Note
-------+----------+-------------------------------------------
     0 | D:1      | Inarius the Draconian Venom Mage began the quest for the Orb.
     0 | D:1      | Reached XP level 1. HP: 14/14 MP: 3/3
   346 | D:1      | Reached XP level 2. HP: 9/20 MP: 1/5
   769 | D:1      | Learned a level 2 spell: Poisonous Vapours
  1279 | D:1      | Reached XP level 3. HP: 25/26 MP: 3/6
  1698 | D:2      | Learned a level 3 spell: Mephitic Cloud
  1980 | D:2      | Reached skill level 1 in Air Magic
  2512 | D:3      | Reached XP level 4. HP: 20/33 MP: 1/8
  2519 | D:3      | Noticed Sigmund
  2851 | D:3      | Killed Sigmund
  2851 | D:3      | Reached XP level 5. HP: 37/39 MP: 3/10
  2949 | D:3      | Reached XP level 6. HP: 12/46 MP: 0/11
  3190 | D:3      | Gained mutation: You are robust. (+10% HP) [potion of mutation]
  3190 | D:3      | Gained mutation: Your mind is acute. (Int +2) [potion of mutation]
  3315 | D:3      | Learned a level 4 spell: Olgreb's Toxic Radiance
  3373 | D:3      | Reached skill level 1 in Fighting
  3963 | D:3      | Noticed Ijyb
  3969 | D:3      | Killed Ijyb
  3969 | D:3      | Reached skill level 1 in Axes
  3977 | D:3      | Noticed NorthaanB's ghost (amateur DEFE)
  3992 | D:3      | Killed NorthaanB's ghost
  4237 | D:4      | Found Ywohaa's Food Boutique.
  4311 | D:4      | Your scales start taking on a dull iron-grey colour.
  4311 | D:4      | Reached XP level 7. HP: 49/57 MP: 13/13
  4311 | D:4      | Gained mutation: You can survive without breathing. [Grey Draconian growth]
  4311 | D:4      | Reached skill level 5 in Poison Magic
  4548 | D:4      | Found an iron altar of Okawaru.
  4910 | D:5      | Entered Level 5 of the Dungeon
  4985 | D:5      | Found a hide-covered altar of Uskayaw.
  5002 | D:5      | Noticed Prince Ribbit
  5010 | D:5      | Killed Prince Ribbit
  5100 | D:5      | Found a staircase to the Ecumenical Temple.
  5107 | Temple   | Entered the Ecumenical Temple
  5202 | Temple   | Became a worshipper of Sif Muna the Loreminder
  5252 | D:5      | Reached skill level 1 in Staves
  5252 | D:5      | Reached XP level 8. HP: 59/64 MP: 15/15
  5345 | D:5      | Reached skill level 5 in Spellcasting
  5494 | D:5      | Found a glowing golden altar of the Shining One.
  6989 | D:6      | Found an opulent altar of Gozag.
  7155 | D:6      | Reached * piety under Sif Muna
  7221 | D:6      | Found a shimmering altar of Xom.
  7226 | D:6      | Found a shimmering altar of Xom.
  7226 | D:6      | Found a shimmering altar of Xom.
  7226 | D:6      | Found a shimmering altar of Xom.
  7394 | D:6      | Reached XP level 9. HP: 73/73 MP: 18/18
  7401 | D:6      | Learned a level 5 spell: Venom Bolt
  7692 | D:6      | Got a translucent war axe
  7693 | D:6      | Identified the cursed +1 war axe "Muyquatz" {chop, *Contam rElec rN++ Dex+4} (You found it on level 6 of the Dungeon)
  7713 | D:6      | Gained mutation: You expend magic power (3 MP) to strengthen your wands. [mutagenic glow]
  7741 | D:6      | Lost mutation: You are robust. (+10% HP) [potion of mutation]
  7741 | D:6      | Lost mutation: Your mind is acute. (Int +2) [potion of mutation]
  7741 | D:6      | Lost mutation: You expend magic power (3 MP) to strengthen your wands. [potion of mutation]
  7741 | D:6      | Gained mutation: You are somewhat resistant to further mutation. [potion of mutation]
  7745 | D:6      | Found a shattered altar of Ashenzari.
  8249 | D:5      | Found a stormy altar of Qazlal.
  8578 | D:6      | Reached ** piety under Sif Muna
  9612 | D:7      | Reached skill level 5 in Air Magic
  9650 | D:7      | Found a white marble altar of Elyvilon.
  9924 | D:7      | Reached skill level 5 in Dodging
 10138 | D:8      | Reached XP level 10. HP: 74/77 MP: 21/21
 10502 | D:8      | Reached *** piety under Sif Muna
 10987 | D:9      | Reached skill level 1 in Invocations
 11684 | D:9      | Found a hazy altar of Hepliaklqana.
 12217 | D:9      | Found a radiant altar of Vehumet.
 12265 | D:9      | Found a white marble altar of Elyvilon.
 12271 | D:9      | Found a bloodstained altar of Trog.
 12376 | D:10     | Entered Level 10 of the Dungeon
 12679 | D:9      | HP: 1/77 [something (4)]
 13116 | D:10     | Reached **** piety under Sif Muna
 13117 | D:10     | Found Qeefath's Food Shoppe.
 14093 | D:10     | Noticed a manticore
 14106 | D:10     | Killed a manticore
 14248 | D:10     | Reached XP level 11. HP: 83/83 MP: 23/23
 14326 | D:10     | Found a staircase to the Orcish Mines.
 14658 | D:11     | Found a staircase to the Lair.
 15108 | D:11     | Noticed a two-headed ogre
 15120 | D:11     | Killed a two-headed ogre
 15243 | D:11     | Noticed a seven-headed hydra
 15703 | D:11     | Noticed a red ugly thing
 15723 | D:11     | Killed a red ugly thing
 16291 | Lair:1   | Entered Level 1 of the Lair of Beasts
 16298 | Lair:1   | Reached skill level 5 in Invocations
 16383 | Lair:1   | Mangled by a black mamba

Skill      XL: |  1  2  3  4  5  6  7  8  9 10 11 |
---------------+----------------------------------+-----
Dodging        | 2 3 5 |  5.8
Air Magic      | 1 2 2 3 4 5 6 |  6.6
Poison Magic   | 4 5 6 8 9 |  9.4
Spellcasting   | 3 4 6 7 8 9 |  9.0
Fighting       | 1 2 3 4 |  4.0
Axes           | 1 |  1.1
Staves         | 1 |  1.4
Invocations    | 4 5 |  5.0
Short Blades   | |  0.4
Stealth        | |  1.7
Shields        | |  0.6
Conjurations   | |  1.8
Evocations     | |  0.6

Action                   |  1- 3 |  4- 6 |  7- 9 | 10-12 || total
-------------------------+-------+-------+-------+-------++-------
Melee: Dagger            |    39 |     2 |       |       ||    41
       Tailslap          |     2 |     1 |    54 |    32 ||    89
       War axe           |       |    40 |    69 |   172 ||   281
       Staff             |       |       |   522 |   105 ||   627
 Cast: Sting             |    24 |       |    32 |    40 ||    96
       Poisonous Vapours |    24 |    45 |   119 |   162 ||   350
       Olgreb's Toxic Ra |       |     2 |     7 |    14 ||    23
       Mephitic Cloud    |       |     1 |     2 |     1 ||     4
       Venom Bolt        |       |       |       |     9 ||     9
 Abil: Evoke Berserk Rag |       |       |     1 |       ||     1
Evoke: Wand              |       |       |     4 |       ||     4
  Use: Scroll            |       |     6 |     1 |    12 ||    19
       Potion            |       |     1 |     3 |     3 ||     7
 Stab: Confused          |       |       |     1 |       ||     1
       Sleeping          |       |       |       |     1 ||     1
  Eat: Chunk             |     6 |     4 |    14 |    16 ||    40
       Bread ration      |       |     1 |     2 |     1 ||     4
       Fruit             |       |       |     3 |     5 ||     8
       Meat ration       |       |       |     1 |     2 ||     3
Armor: Skin              |    11 |    26 |   237 |   189 ||   463
Dodge: Dodged            |    16 |    38 |   371 |   273 ||   698
       Deflected         |       |       |       |     3 ||     3
Block: Other             |       |       |    43 |    60 ||   103
       Reflection        |       |       |       |     1 ||     1
